 Dungeon Crawl Stone Soup version 0.20.1-1-g8b1a95d (webtiles) character file.

50 tidbits the Shooter (level 3, -16/31 HPs)
             Began as a Demigod Wanderer on Aug 23, 2017.
             Killed from afar by Ijyb (19 damage)
             ... with a wand of lightning (?/15)
             ... on level 3 of the Dungeon.
             The game lasted 00:05:04 (439 turns).

tidbits the Shooter (Demigod Wanderer)               Turns: 439, Time: 00:05:05

Health: -16/31     AC:  6    Str: 13    XL:     3   Next: 35%
Magic:  5/5        EV: 10    Int: 25    God:
Gold:   27         SH:  0    Dex: 16    Spells: 2/2 levels left

rFire    . . .     SeeInvis .   b - +4 quarterstaff (chaos)
rCold    . . .     Gourm    .   (shield currently unavailable)
rNeg     . . .     Faith    .   c - +0 ring mail
rPois    .         Spirit   .   (no helmet)
rElec    .         Reflect  .   C - +0 cloak (curse)
rCorr    .         Harm     .   (no gloves)
MR       .....                  (no boots)
Stlth    +.........             (no amulet)
Regen    0.1/turn               h - +6 ring of intelligence
MPRegen  0.1/turn               (no ring)

@: no status effects
A: high mp 1
a: no special abilities


You were on level 3 of the Dungeon.
You were not hungry.

You visited 1 branch of the dungeon, and saw 3 of its levels.

You collected 27 gold pieces.

Inventory:

Hand Weapons
 a - a +2 shortbow
 b - a +4 quarterstaff of chaos (weapon)
   (You took it off Crazy Yiuf on level 2 of the Dungeon)
 l - a +0 trident
Missiles
 e - 61 arrows
Armour
 c - a +0 ring mail (worn)
 C - a cursed +0 cloak (worn)
Jewellery
 h - a +6 ring of intelligence (left hand)
   (You found it on level 1 of the Dungeon)
Wands
 k - a wand of lightning (2/15)
Potions
 d - a potion of curing
Comestibles
 f - 4 bread rations
 g - a royal jelly
 j - 2 fruits


   Skills:
 + Level 3.6 Fighting
   Level 1.0 Maces & Flails
 - Level 3.6 Bows
 - Level 1.0 Throwing
 - Level 1.0 Armour
 - Level 1.0 Stealth


You had 2 spell levels left.
You didn't know any spells.

Dungeon Overview and Level Annotations

Branches:
Dungeon (3/15)

Annotations:
D:3 Ijyb


Innate Abilities, Weirdness & Mutations

You have an increased reservoir of magic. (+10% MP)


Message History

Adjust which item? (? for menu, Esc to quit)
e - a +4 quarterstaff of chaos (weapon)
Adjust to which letter? (? for menu, Esc to quit)
b - a +4 quarterstaff of chaos (weapon);
e - 38 arrows
a - a +2 shortbow (weapon)
Really attack while wielding your +2 shortbow? [Y]es or [N]o only, please.
Really attack while wielding your +2 shortbow?
Okay, then.
You see here a mace.
Unknown command.
You see here a mace.
You see here a mace.
HP restored.
There is a stone staircase leading down here.
You climb downwards. 3 jackals come into view.
The jackal barks! x3
The jackal closely misses you. The jackal barely misses you.
Found 24 arrows.
There is a stone staircase leading up here.
Found a bread ration.
Firing (i - inventory):
e - 38 arrows (quivered)
Press: ? - help, Shift-Dir - straight line, f - jackal
Aim: a jackal You shoot an arrow.
The arrow hits the jackal.
The jackal is heavily wounded.
The jackal bites you.
Firing (i - inventory):
e - 37 arrows (quivered)
Press: ? - help, Shift-Dir - straight line, f - jackal
Aim: a jackal You shoot an arrow.
The arrow hits the jackal.
The jackal is almost dead.
The jackal bites you but does no damage.
Firing (i - inventory):
e - 36 arrows (quivered)
Press: ? - help, Shift-Dir - straight line, f/p - jackal
Aim: a jackal You shoot an arrow.
The arrow misses the jackal.
The arrow barely misses the jackal.
The jackal barely misses you. The jackal closely misses you.
Firing (i - inventory):
e - 35 arrows (quivered)
Press: ? - help, Shift-Dir - straight line, f - jackal, p - jackal
Aim: a jackal You shoot an arrow.
The arrow hits the jackal!
You kill the jackal!
The jackal closely misses you. The jackal misses you.
Your +4 quarterstaff of chaos is briefly surrounded by a scintillating aura of random colours.
b - a +4 quarterstaff of chaos (weapon)
The jackal bites you but does no damage.
The jackal barely misses you.
You closely miss the jackal.
The jackal is almost dead.
The jackal barely misses you.
The jackal bites you but does no damage.
The jackal barely misses you.
You sock the jackal!
You kill the jackal!
The jackal closely misses you. The jackal barely misses you.
You sock the jackal!
You kill the jackal!
e - 36 arrows (gained 2)
e - 37 arrows (gained 1)
e - 61 arrows (gained 24)
There is a stone staircase leading up here.
a - a +2 shortbow (weapon)
Found a fizzy golden potion.
i - a fizzy golden potion
f - 4 bread rations (gained 1) Ijyb the Twisted Goblin comes into view.
She is wielding a dagger.
Ijyb shouts!
Ijyb zaps a wand.
The bolt of lightning hits you!
It is a wand of lightning (?/15).
A frilled lizard comes into view.
You aren't carrying any spellbooks or scrolls.
Unknown command.
It was a potion of magic.
Magic courses through your body.
Ijyb screams, "Level is mine!
All mine!"
Ijyb barely misses you.
You feel better. Ijyb hits you with a dagger.
Your +4 quarterstaff of chaos is briefly surrounded by a scintillating aura of random colours.
b - a +4 quarterstaff of chaos (weapon)
Ijyb hits you but does no damage.
You closely miss Ijyb.
Ijyb zaps a wand.
The bolt of lightning hits you!
Ouch! That really hurt!
* * * LOW HITPOINT WARNING * * *
You hit Ijyb. You burn Ijyb.
Ijyb is moderately wounded.
Ijyb closely misses you. x2
You hit the frilled lizard.
You kill the frilled lizard!
You sock Ijyb!
Ijyb is heavily wounded.
Ijyb hits you but does no damage.
You hit Ijyb. You freeze Ijyb.
Ijyb is almost dead.
Ijyb zaps a wand.
The bolt of lightning hits you!
* * * LOW HITPOINT WARNING * * *
Ijyb zaps a wand.
The bolt of lightning hits you!
Ouch! That really hurt!
You die...

.............##
####.......
#..(........##
##..........
######....###
#..##....... ##.#.#
##.#.....<... ...######
##..#.#.......
........#
##....†########
........####....#######
..............##.......
........g@.......######
........##########
............#
........###....
........# #. ####...##
#... ##.. ...


You could see Ijyb.

Vanquished Creatures
  Crazy Yiuf (D:2)
  An adder (D:2)
  2 hobgoblins
  3 jackals (D:3)
  A kobold (D:1)
  A frilled lizard (D:3)
  5 rats
14 creatures vanquished.

Notes
Turn   | Place    | Note
-------+----------+-------------------------------------------
     0 | D:1      | tidbits the Demigod Wanderer began the quest for the Orb.
     0 | D:1      | tidbits set off with: a +2 shortbow, 25 arrows, a +0 ring mail, a potion of curing, a bread ration
     0 | D:1      | Reached XP level 1. HP: 17/17 MP: 3/3
    11 | D:1      | Reached skill level 2 in Fighting
    89 | D:2      | Found a blossoming altar of Fedhas.
   104 | D:2      | Reached XP level 2. HP: 22/25 MP: 4/4
   277 | D:2      | Found a runed door.
   281 | D:2      | Noticed Crazy Yiuf
   289 | D:2      | Killed Crazy Yiuf
   289 | D:2      | Reached skill level 3 in Fighting
   289 | D:2      | Reached XP level 3. HP: 21/31 MP: 5/5
   429 | D:3      | Noticed Ijyb
   439 | D:3      | HP: 3/31 [Ijyb/wand of lightning (?/15) (7)]
   439 | D:3      | Killed from afar by Ijyb

Skill      XL: |  1  2 |
---------------+-------+-----
Fighting       | 2 3 |  3.6
Maces & Flails | |  1.0
Bows           | |  3.6
Throwing       | |  1.0
Armour         | |  1.0
Stealth        | |  1.0

Action                   || total
-------------------------++-------
Melee: Quarterstaff      ||     8
 Fire: Shortbow          ||    26
Evoke: Wand              ||     2
  Use: Scroll            ||     3
       Potion            ||     2
Armor: Ring mail         ||     7
Dodge: Dodged            ||    24

Table legend:
 A = Turns spent in this place as a percentage of turns spent in the entire game.
 B = Non-inter-level travel turns spent in this place as a percentage of non-inter-level travel turns spent in the entire game.
 C = Inter-level travel turns spent in this place as a percentage of turns spent in this place.
 D = Turns resting spent in this place as a percentage of non-inter-level travel turns spent in this place.
 E = Turns spent auto-exploring this place as a percentage of non-inter-level travel turns spent in this place.
 F = Non-inter-level travel turns spent in this place divided by the number of levels of this place that you've seen.
                   A       B       C       D       E      F
               +-------+-------+-------+-------+-------+----------------------
         Total | 100.0 | 100.0 |   0.3 |   0.0 |   0.0 | 129.0
       Dungeon | 100.0 | 100.0 |   0.3 |   0.0 |   0.0 | 129.0
               +-------+-------+-------+-------+-------+----------------------

Table legend:
 A = Kills in this place as a percentage of kills in entire the game.
 B = Kills by you in this place as a percentage of kills by you in the entire game.
 C = Kills by friends in this place as a percentage of kills by friends in the entire game.
 D = Other kills in this place as a percentage of other kills in the entire game.
 E = Experience gained in this place as a percentage of experience gained in the entire game.
 F = Experience gained in this place divided by the number of levels of this place that you have seen.
                   A       B       C       D       E      F
               +-------+-------+-------+-------+-------+----------------------
         Total | 100.0 | 100.0 |  -nan |  -nan | 100.0 |  24.0
       Dungeon | 100.0 | 100.0 |  -nan |  -nan | 100.0 |  24.0
               +-------+-------+-------+-------+-------+----------------------

Vault maps used:
D:1:      scummos_arrival_simple_crosswalls, kennysheep_nondescript
D:2:      fedhas_altar_1, uniq_robin, uniq_crazy_yiuf_cottage
D:3:      good_gods_mini_temple, lemuel_crystal_altar, minitemple, first_bread,
          uniq_natasha, uniq_ijyb
